 Dungeon Crawl Stone Soup version 0.32-a0-918-g0f22ef8d61 (webtiles) character file.

Game seed: 9630403720953411976

5315 mycrawlcharacter the Severer (level 10, -1/112 (115) HPs)
             Began as a Minotaur Berserker on Apr 9, 2024.
             Was a High Priest of Trog.
             Slain by Psyche
             ... wielding a +1 dagger of chaos
              (2 damage)
             ... on level 8 of the Dungeon on Apr 11, 2024.
             The game lasted 00:15:51 (7620 turns).

mycrawlcharacter the Severer (Minotaur Berserker)   Turns: 7620, Time: 00:15:52

HP:   -1/112 (115)  AC:  0    Str: 25    XL:     10   Next: 37%
MP:   4/9           EV: 13    Int:  3    God:    Trog [*****.]
Gold: 560           SH:  5    Dex: 14    Spells: 9/9 levels left

rFire   . . .        b - melded +1 mace (heavy)
rCold   . . .        (shield currently unavailable)
rNeg    . . .        x - melded +0 plate armour
rPois   .            l - melded +2 hat
rElec   .            p - melded +2 cloak {Stlth+}
rCorr   .            G - melded +0 pair of gloves
SInv    .            F - melded +2 pair of boots
Will    .....        r - amulet of reflection Stlth
                     (ring currently unavailable)
HPRegen 0.38/turn    (ring currently unavailable)
MPRegen 0.11/turn

%: reflection, clarity
@: berserking, lethally poisoned (-1 -> -9), pig-form, slowed, lightly drained,
very quick
A: fast, no casting, small, (horns 3), (retaliatory headbutt), agile 1, clarity
a: Renounce Religion, Berserk, Trog's Hand, Brothers in Arms


You were on level 8 of the Dungeon.
You worshipped Trog.
Trog was extremely pleased with you.
You were a filthy swine.
You visited 1 branch of the dungeon, and saw 8 of its levels.

You collected 585 gold pieces.
You spent 25 gold pieces at shops.

Inventory:

Hand Weapons
 a - a +0 war axe
 b - a +1 heavy mace (melded)
 f - a +1 vampiric morningstar
 z - a +1 hand axe of freezing
Missiles
 m - 34 poisoned darts (quivered)
 A - a curare-tipped dart
Armour
 l - a +2 hat (melded)
 p - a +2 cloak of stealth (melded)
 v - a +0 chain mail of cold resistance
 x - a +0 plate armour (melded)
 F - a +2 pair of boots (melded)
 G - a +0 pair of gloves (melded)
Jewellery
 r - an amulet of reflection (around neck)
Wands
 t - a wand of mindburst (8)
 u - a wand of charming (8)
Scrolls
 c - 5 scrolls of immolation
 d - 11 scrolls of identify {unknown}
 e - a scroll of fear {unknown}
 i - 2 scrolls of enchant weapon {unknown}
 j - 3 scrolls of teleportation {unknown}
 k - 2 scrolls of enchant armour {unknown}
 y - a scroll of brand weapon {unknown}
 C - 2 scrolls of revelation {unknown}
 E - a scroll of fog {unknown}
Potions
 g - a potion of curing
 h - a potion of degeneration {unknown}
 n - 2 potions of might {unknown}
 o - 2 potions of mutation
 q - a potion of ambrosia {unknown}
 s - 2 potions of lignification {unknown}
 w - a potion of berserk rage {unknown}
 B - 2 potions of haste {unknown}
 D - a potion of experience {unknown}


   Skills:
 - Level 3.6 Fighting
 * Level 18.2 Axes
 - Level 2.4 Armour
 - Level 2.1 Dodging


You had 9 spell levels left.
You didn't know any spells.
Your spell library was empty.

Dungeon Overview and Level Annotations

Branches:
Dungeon (8/15)             Temple (0/1) D:4
   Lair: D:8-11

Altars:
Ashenzari
Dithmenos
Fedhas
Hepliaklqana
The Shining One

Shops:
D:4 *

Annotations:
D:8 Psyche


Innate Abilities, Weirdness & Mutations

You are a filthy swine.
You move quickly.
Your equipment is almost entirely melded.
You are incapable of wielding weapons or throwing items.
You cannot cast spells.
((You have a pair of large horns on your head.))
((You reflexively headbutt those who attack you in melee.))
You are agile. (Dex +4, Str/Int -1)
You possess an exceptional clarity of mind.


Message History

A red film seems to cover your vision as you go berserk!
You feel yourself moving faster!
You feel mighty!
You feel your willpower return. Something hits you! Something hits you.
You are poisoned.
You miss something.
You feel very sick. Something hits you!
You completely miss something.
You feel very sick.
You hear a zap.
Something tries to affect you, but you resist.
Something hits you.
* * * LOW HITPOINT WARNING * * *
You suddenly lose the ability to move!
You feel very sick. Something hits you.
* * * LOW HITPOINT WARNING * * *
You are more poisoned.
You can move again.
You closely miss something.
You feel very sick. Something hits you!
* * * LOW HITPOINT WARNING * * *
Something freezes you.
* * * LOW HITPOINT WARNING * * *
Unknown command.
You bite something!
* * * LOW HITPOINT WARNING * * *
You feel very sick.
You hear some strange, mumbled words.
A swirling arc of seething chaos appears!
An arc of chaos appears from out of thin air!
The arc of chaos hits you!
You feel drained.
* * * LOW HITPOINT WARNING * * *
The arc of chaos grounds out.
You miss something.
* * * LOW HITPOINT WARNING * * *
You feel sick. Something hits you.
You die...

)## #..####..........#
.# #.## #..........#
.####.### #..........#
..#.....###..........#
.........##..........#
..........#..........#
..........#..........#
.:.)......#.....{....#
....).....#.....h....#
..........############
...(.)....#
.....<...## ..#.....##
#########


There were no monsters in sight!

Vanquished Creatures
  Pikel (D:8)
  Jeremiah (D:6)
  Grinder (D:6)
  Sigmund (D:6)
  3 wyverns
  6 steam dragons
  2 water moccasins
  A sky beast (D:8)
  A black bear (D:6)
  An ogre (D:6)
  3 centaurs
  A lemure (D:8)
  2 phantoms (D:6)
  5 bullfrogs
  3 kobold brigands
  A gnoll sergeant (D:7)
  2 scorpions
  3 wights (D:8)
  4 howler monkeys
  A gnoll bouda (D:7)
  4 hounds
  5 orc priests
  Crazy Yiuf (D:3)
  4 iguanas
  Ijyb (D:5)
  Natasha (thrice) (D:3)
  8 orc wizards
  20 gnolls
  7 adders
  A white imp (D:8)
  2 ufetubi (D:6)
  4 ribbon worms
  2 dart slugs (D:4)
  23 orcs
  8 ball pythons
  2 endoplasms
  A giant cockroach (D:3)
  30 goblins
  37 hobgoblins
  3 jackals (D:5)
  A quokka (D:3)
  3 bats
  2 frilled lizards (D:3)
  18 kobolds
  8 rats
241 creatures vanquished.

Notes
Turn   | Place    | Note
-------+----------+-------------------------------------------
     0 | D:1      | mycrawlcharacter the Minotaur Berserker began the quest for
                  | the Orb.
     0 | D:1      | Reached XP level 1. HP: 19/19 MP: 0/0
   138 | D:1      | Reached skill level 4 in Axes
   255 | D:1      | Reached XP level 2. HP: 23/26 MP: 1/1
   298 | D:1      | Found a faded altar of an unknown god.
   472 | D:1      | Reached ** piety under Trog
   865 | D:2      | Reached skill level 5 in Axes
  1038 | D:2      | Reached XP level 3. HP: 18/31 MP: 2/2
  1343 | D:2      | Reached skill level 6 in Axes
  1343 | D:2      | Reached XP level 4. HP: 33/39 MP: 3/3
  1801 | D:3      | Found a broken altar of Ashenzari.
  1873 | D:3      | Found a runed translucent door.
  1874 | D:3      | Noticed Crazy Yiuf
  1947 | D:3      | You fall into a shaft and drop 3 floors!
  1949 | D:6      | Noticed an ogre
  1953 | D:6      | Killed an ogre
  1954 | D:6      | Reached skill level 7 in Axes
  1954 | D:6      | Reached XP level 5. HP: 45/45 MP: 4/4
  1954 | D:6      | Noticed Grinder
  1959 | D:6      | Paralysed by Grinder for 3 turns
  1963 | D:5      | Entered Level 5 of the Dungeon
  2097 | D:3      | Noticed Natasha
  2105 | D:3      | Killed Natasha
  2106 | D:3      | Reached skill level 8 in Axes
  2193 | D:3      | Reached XP level 6. HP: 51/51 MP: 5/5
  2195 | D:3      | Noticed Natasha
  2199 | D:3      | Killed Natasha
  2351 | D:3      | Noticed Natasha
  2356 | D:3      | Killed Natasha
  2458 | D:3      | Killed Crazy Yiuf
  2581 | D:4      | Reached *** piety under Trog
  2707 | D:4      | Reached skill level 9 in Axes
  2980 | D:4      | Reached **** piety under Trog
  3241 | D:4      | Found Puutyq's CLEARANCE SALE!.
  3256 | D:4      | Reached XP level 7. HP: 54/57 MP: 6/6
  3268 | D:4      | Bought a scroll of noise for 5 gold pieces
  3268 | D:4      | Bought a scroll of immolation for 20 gold pieces
  3272 | D:4      | Found a staircase to the Ecumenical Temple.
  3537 | D:5      | Reached skill level 10 in Axes
  3597 | D:5      | Found a shadowy altar of Dithmenos.
  3598 | D:5      | Found a blossoming altar of Fedhas.
  3618 | D:5      | Found a glowing golden altar of the Shining One.
  3618 | D:5      | Found a hazy altar of Hepliaklqana.
  3729 | D:5      | Noticed Ijyb
  3744 | D:5      | Killed Ijyb
  3962 | D:5      | Reached skill level 11 in Axes
  4301 | D:6      | Paralysed by Grinder for 3 turns
  4306 | D:6      | Killed Grinder
  4307 | D:6      | Reached XP level 8. HP: 63/64 MP: 7/7
  4313 | D:6      | Noticed Jeremiah
  4528 | D:6      | Reached skill level 12 in Axes
  4630 | D:6      | Killed Jeremiah
  4701 | D:6      | Reached skill level 13 in Axes
  4821 | D:6      | Reached skill level 14 in Axes
  4961 | D:6      | Reached XP level 9. HP: 54/70 MP: 8/8
  5019 | D:6      | Noticed Sigmund
  5027 | D:6      | Killed Sigmund
  5134 | D:6      | Reached ***** piety under Trog
  5580 | D:7      | Reached skill level 15 in Axes
  6062 | D:7      | Reached skill level 16 in Axes
  6883 | D:7      | Upgraded the game from 0.32-a0-913-g739538afd8 to
                  | 0.32-a0-918-g0f22ef8d61
  6923 | D:8      | Noticed Pikel
  6936 | D:8      | Killed Pikel
  6937 | D:8      | Reached skill level 17 in Axes
  6937 | D:8      | Reached XP level 10. HP: 77/77 MP: 9/9
  7348 | D:8      | Reached skill level 18 in Axes
  7593 | D:8      | Noticed Psyche
  7611 | D:8      | Gained mutation: You have a pair of large horns on your
                  | head. [potion of mutation]
  7611 | D:8      | Gained mutation: You are agile. (Dex +4, Str/Int -1)
                  | [potion of mutation]
  7611 | D:8      | Gained mutation: You possess an exceptional clarity of
                  | mind. [potion of mutation]
  7616 | D:8      | Paralysed by something for 1 turns
  7619 | D:8      | HP: 3/112 [something/chain of chaos (7)]
  7620 | D:8      | HP: 1/112 [poisoned by Psyche]
  7620 | D:8      | Slain by Psyche

Illustrated notes

Levels and vault maps discovered:
D:1:      grunt_arrival_crossed_arrows, layout_basic,
          ebering_ecumenical_altar_abandoned, minmay_heptomino_w4
D:2:      layout_loops_corners
D:3:      layout_basic, ashenzari_altar_1, saegor_snake_ambush, uniq_natasha,
          uniq_crazy_yiuf_cottage
D:4:      minmay_goblin_kobold_castle, layout_rooms,
          minmay_temple_entry_proselytizer, nicolae_shop_clearance
D:5:      layout_basic, chequers_temple_overflow_statue_of_worship, uniq_ijyb
D:6:      layout_basic, serial_curves, eino_curves_01, eino_curves_03,
          eino_curves_03, eino_curves_04, uniq_jeremiah, uniq_sigmund,
          uniq_grinder
D:7:      layout_layer_cave
D:8:      layout_rooms, minmay_fractal_squares_diagonal_5, uniq_maggie,
          uniq_psyche, uniq_pikel

Skill      XL: |  1  2  3  4  5  6  7  8  9 10 |
---------------+-------------------------------+-----
Axes           | 4 5 6 7 8 9 11 14 17 18 | 18.2
Fighting       | |  3.6
Armour         | |  2.4
Dodging        | |  2.1

Action                     |  1- 3 |  4- 6 |  7- 9 | 10-12 || total
---------------------------+-------+-------+-------+-------++-------
  Melee: Hand axe          |    69 |   190 |       |       ||   259
         Headbutt          |    11 |    37 |    42 |    12 ||   102
         War axe           |       |       |   109 |       ||   109
         Mace              |       |       |   127 |    60 ||   187
         Unarmed           |       |       |       |     8 ||     8
  Throw: Dart              |       |       |     5 |       ||     5
 Invoke: Berserk           |       |     5 |    11 |     2 ||    18
    Use: Potion            |       |       |       |     5 ||     5
 Armour: Animal skin       |    21 |       |       |       ||    21
         Scale mail        |    25 |   152 |    33 |       ||   210
         Chain mail        |       |       |    72 |       ||    72
         Plate armour      |       |       |   168 |    74 ||   242
         Skin              |       |       |       |    19 ||    19
  Dodge: Dodged            |    28 |    76 |    85 |    20 ||   209
  Block: Other             |       |    26 |    51 |    20 ||    97
         Reflection        |       |     6 |     2 |       ||     8

Table legend: (Time is in decaauts)
 A = Elapsed time spent in this place.
 B = Non-inter-level travel time spent in this place.
 C = Inter-level travel time spent in this place.
 D = Time resting spent in this place.
 E = Time spent auto-exploring this place.
 F = Levels seen in this place.
 G = Mean time per level.
                   A        B        C        D        E       F      G
               +--------+--------+--------+--------+--------+-----+--------+
         Total |   7840 |   7801 |     39 |    629 |   5479 |   8 |  980.0 |
       Dungeon |   7840 |   7801 |     39 |    629 |   5479 |   8 |  980.0 |
               +--------+--------+--------+--------+--------+-----+--------+

Top non-repeatable levels by time:
     D:7: 1530 daAuts
     D:5: 1103 daAuts
     D:4: 1021 daAuts
     D:2: 962 daAuts
     D:6: 933 daAuts
     D:3: 820 daAuts
     D:8: 743 daAuts
     D:1: 725 daAuts
